Cogmind - Beta 12 @@@ ROGUE MODE // 2023.12.23 @ 10:20:07 Player: arkn Result: Core destroyed Performance ------------- Evolutions (5) 2500 Regions Visited (10) 2000 Robots Destroyed (118) 590 Value Destroyed (3506) 3506 Prototype IDs (35) 700 Alien Tech Used (0) 0 Bonus (684) 684 TOTAL SCORE: 9980 Bonus ------- High Alert Combat Kills 30 Follower Combat Kills 408 Aligned with FarCom 300 Friendly Fire -54 Cogmind --------- Core Integrity 0/1000 Matter 65/300 Energy 247/300 System Corruption 0% Temperature Critical (562) Movement Treading (294) Ox1 Location -5/Factory Parts ------- > --- POWER (2) -------- Enhanced Nuclear Core Cold Fusion Reactor > --- PROPULSION (4) --- Heavy Treads Treaded Heavy-Armored Exoskeleton > --- UTILITY (8) ------ Armored Scrap Engine Advanced Heat Sink High-capacity Storage Unit Improved Transmission Jammer Hardened Medium Armor Plating Hardened Heavy Armor Plating > --- WEAPON (3) ------- Antimatter Cannon Accelerated Assault Construct/C Great Axe > --- INVENTORY (20) --- Improved Deuterium Engine Enhanced Nuclear Core Hardened Medium Armor Plating Improved Arc Projector Improved Arc Projector Disruptor Cannon Heavy Phase Cannon Enhanced Autogun Precision Assault Rifle Antimatter Cannon Antimatter Cannon Antimatter Cannon Antimatter Cannon Heavy Missile Launcher Precision Rocket Launcher Smartbomb Launcher Great Maul Great Maul Peak State ------------ > --- POWER ------------ Enhanced Nuclear Core Cold Fusion Reactor > --- PROPULSION ------- Heavy Treads Treaded Heavy-Armored Exoskeleton > --- UTILITY ---------- Armored Scrap Engine High-capacity Storage Unit Advanced Targeting Computer Hardened Medium Armor Plating Hardened Heavy Armor Plating Thermal Defense Suite > --- WEAPON ----------- Antimatter Cannon Accelerated Assault Construct/C Great Axe > --- INVENTORY -------- Enhanced Nuclear Core Improved Transmission Jammer Hardened Medium Armor Plating Powered Armor Improved Arc Projector Improved Arc Projector Disruptor Cannon Heavy Phase Cannon Enhanced Autogun Precision Assault Rifle Antimatter Cannon Antimatter Cannon Antimatter Cannon Antimatter Cannon Heavy Missile Launcher Precision Rocket Launcher Smartbomb Launcher Great Maul Great Maul [Rating: 98] Favorites ----------- Power Deuterium Engine Engine Deuterium Engine Power Core Light Nuclear Core Reactor Cold Fusion Reactor Propulsion Titanium Leg Treads Light Treads Leg Titanium Leg Utility Hardened Medium Armor Plating Device Advanced Heat Sink Storage High-capacity Storage Unit Processor Advanced Targeting Computer Protection Hardened Medium Armor Plating Weapon Enhanced Autogun Energy Gun EM Pulse Gun Ballistic Gun Enhanced Autogun Ballistic Cannon Mini Assault Cannon Launcher Heavy Missile Launcher Slashing Weapon Great Axe Build | -11 -10 -9 -9 -9 -8 -8 -7 -7 -7 -5 ------- Run | Jun Mat Mat Min Exi Min Mat Fac Sto Rec Fac Slots Evolved 10 | . . 2 . . . 2 2 . . 4 Power 1 | . . . . . . 1 . . . . Propulsion 2 | . . 1 . . . . 1 . . . Utility 6 | . . 1 . . . 1 . . . 4 Weapon 1 | . . . . . . . 1 . . . Parts Attached 120 | 1 8 10 . 1 2 28 21 31 3 15 Power 19 | . . 2 . . . 7 4 4 . 2 Engine 13 | . . 2 . . . 5 4 2 . . Core 5 | . . . . . . 2 . 1 . 2 Reactor 1 | . . . . . . . . 1 . . Propulsion 27 | . 2 2 . . . 6 5 9 2 1 Treads 18 | . 2 2 . . . 1 1 9 2 1 Leg 9 | . . . . . . 5 4 . . . Wheel . | . . . . . . . . . . . Hover . | . . . . . . . . . . . Flight . | . . . . . . . . . . . Utility 41 | 1 2 4 . 1 . 7 5 12 1 8 Device 22 | 1 . 2 . . . 2 2 10 1 4 Storage 3 | . 1 . . 1 . . 1 . . . Processor 3 | . 1 1 . . . 1 . . . . Hackware . | . . . . . . . . . . . Protection 13 | . . 1 . . . 4 2 2 . 4 Artifact . | . . . . . . . . . . . Weapon 33 | . 4 2 . . 2 8 7 6 . 4 Energy Gun 4 | . 3 . . . . 1 . . . . Energy Cannon . | . . . . . . . . . . . Ballistic Gun 12 | . . 2 . . 1 4 4 1 . . Ballistic Cannon 7 | . . . . . . . 1 4 . 2 Launcher 3 | . 1 . . . 1 . . 1 . . Special Weapon . | . . . . . . . . . . . Impact Weapon . | . . . . . . . . . . . Slashing Weapon 7 | . . . . . . 3 2 . . 2 Piercing Weapon . | . . . . . . . . . . . Special Melee Weapon . | . . . . . . . . . . . Unidentified Prototypes 10 | . . 1 . . . 2 1 4 . 2 Parts Lost 16 | . . . . . . 4 2 9 . 1 Power 4 | . . . . . . 2 1 1 . . Propulsion 5 | . . . . . . . 1 4 . . Utility 4 | . . . . . . 1 . 2 . 1 Weapon 3 | . . . . . . 1 . 2 . . Highest Loss Streak 3 | . . . . . . 2 1 3 . 1 To Critical Strikes . | . . . . . . . . . . . Average Slot Usage (%) 97 | . 100 99 100 100 100 99 99 98 81 77 Engine 11 | . 14 11 11 11 11 14 14 7 7 3 Core 1 | . . . . . . 2 . 3 . 1 Reactor 1 | . . . . . . . . 3 7 5 Treads 14 | . 18 33 33 33 33 3 . 21 20 13 Leg 13 | . 9 . . . . 23 29 7 . . Device 6 | . 5 9 . . . 2 14 10 7 8 Storage 8 | . 14 11 11 11 11 9 7 7 7 5 Processor 8 | . 8 3 11 11 11 9 7 7 7 4 Protection 8 | . . 9 11 11 11 15 . 4 . 13 Energy Gun 1 | . 25 4 . . . . . . . . Ballistic Gun 11 | . 2 18 22 22 20 14 10 1 . . Ballistic Cannon 3 | . . . . . . . 2 15 15 10 Slashing Weapon 3 | . . . . . . 3 9 4 . 4 Naked Turns . | . . . . . . . . . . . Heaviest Build 118 | 11 18 32 31 41 41 60 83 90 81 118 Greatest Support 130 | 20 40 60 60 60 60 60 68 112 84 130 Greatest Overweight (x) 3 | . . . . . . 3 1 3 1 2 Average Overweight (x) . | . . . . . . . . . . . Largest Inventory Capacity 20 | 8 10 10 10 15 15 15 20 20 20 20 Average Capacity 16 | 8 9 10 10 12 15 15 19 20 20 20 Most Carried 20 | 8 10 10 10 13 15 15 20 20 18 20 Average Carried 15 | 6 8 9 9 10 14 14 18 18 15 16 Final Capacity 20 | 8 10 10 10 15 15 15 20 20 20 20 Final Carried 20 | 7 10 10 10 13 15 15 20 16 16 19 Scrap Engine Consumption 31 | . . . . . . . . . 8 23 Constructs Created 2 | . . . . . . . . . 1 1 Constructs Modified 6 | . . . . . . . . . . 6 Class Distribution -------------------- 85% | Mutant 8% | Commander-Mutant Dominant Class ---------------- Mutant | -10/Materials Mutant | -9/Materials Mutant | -9/Mines Mutant | -9/Exiles Mutant | -8/Mines Mutant | -8/Materials Mutant | -7/Factory Mutant | -7/Storage Commander-Mutant | -7/Recycling Commander-Mutant | -5/Factory Resources | -11 -10 -9 -9 -9 -8 -8 -7 -7 -7 -5 ----------- Run | Jun Mat Mat Min Exi Min Mat Fac Sto Rec Fac Matter Collected 3670 | 216 60 266 8 20 216 770 728 1131 85 170 Remotely 316 | 10 50 256 . . . . . . . . Salvage Created 4376 | 91 71 338 33 . 293 1133 1098 1006 . 313 Parts 248 | 5 5 21 4 . 21 73 50 61 . 8 Haulers Intercepted 9 | . 1 . . . . 2 . 5 . 1 Recyclers Shooed 1 | . . . . . . . . 1 . . Parts Field Recycled . | . . . . . . . . . . . Retrieved Matter . | . . . . . . . . . . . Parts Self-Destructed . | . . . . . . . . . . . Prevented . | . . . . . . . . . . . Kills | -11 -10 -9 -9 -9 -8 -8 -7 -7 -7 -5 ------- Run | Jun Mat Mat Min Exi Min Mat Fac Sto Rec Fac Combat Hostiles Destroyed 80 | . . 9 1 . 11 19 15 23 . 2 Melee 11 | . . . . . . 4 4 3 . . Guns 39 | . . 9 1 . 8 15 4 2 . . Cannons 21 | . . . . . . . 7 12 . 2 AOE 9 | . . . . . 3 . . 6 . . Classes Destroyed 13 | 2 2 3 . . . 3 2 1 . . Worker 4 | . . . . . . 1 2 1 . . Builder 4 | . . . . . . 3 . 1 . . Tunneler 2 | 1 . . . . . . 1 . . . Hauler 9 | . 1 . . . . 2 . 5 . 1 Recycler 11 | 1 . . . . 1 2 5 2 . . Mechanic 2 | . . . . . . . . 1 . 1 Watcher 6 | . 1 . . . . 3 1 . . 1 Swarmer 24 | . . 2 . . 8 7 1 6 . . Grunt 29 | . . 6 1 . 3 7 7 5 . . Duelist 2 | . . . . . . . 1 1 . . Sentry 16 | . . 1 . . . 4 2 7 . 2 Hunter 4 | . . . . . . 1 . 3 . . Programmer 5 | . . . . . . . 4 1 . . Best Kill Streak 8 | 2 1 4 1 . 4 7 8 6 . 2 Combat Bots Only 7 | . . 4 1 . 4 7 6 5 . 2 Max Kills in Single Turn 4 | 1 1 1 1 . 2 2 1 4 . 1 Gunslinging . | . . . . . . . . . . . Exploded 4 | . . . . . 2 . . 4 . . Melee 1 | . . . . . . 1 1 1 . . Uniques/NPCs Destroyed . | . . . . . . . . . . . Combat | -11 -10 -9 -9 -9 -8 -8 -7 -7 -7 -5 -------- Run | Jun Mat Mat Min Exi Min Mat Fac Sto Rec Fac Damage Taken 7163 | . . 272 . . 340 1399 983 2329 . 1840 Core 1670 | . . 14 . . 42 212 112 200 . 1090 Absorbed by Shields . | . . . . . . . . . . . Regen/Repaired (Parts) 48 | . . . . . . . . . . 48 Core Remaining (%) 80 | 100 100 . . . 86 61 . . 55 . Volleys Fired 276 | 6 4 17 1 . 29 97 41 65 . 16 Largest 3 | 2 2 2 2 . 2 2 3 3 . 2 Hottest 144 | 60 80 50 50 . 50 50 78 144 . 135 Shots Fired 547 | 12 7 34 2 . 51 177 91 141 . 32 Gun 351 | 12 6 34 2 . 46 177 63 9 . 2 Cannon 187 | . . . . . . . 28 129 . 30 Launcher 9 | . 1 . . . 5 . . 3 . . Special . | . . . . . . . . . . . Kinetic 524 | 6 . 34 2 . 46 177 91 138 . 30 Thermal 6 | 6 . . . . . . . . . . Explosive 9 | . 1 . . . 5 . . 3 . . Electromagnetic 8 | . 6 . . . . . . . . 2 Robot Hit Streak 18 | 2 2 8 1 . 5 12 18 18 . 7 Robot Miss Streak 6 | 1 1 4 1 . 4 6 2 3 . 1 Penetration Max . | . . . . . . . . . . . Secondary Targets 7 | . . 1 . . 5 1 . . . . Max Gunslinging Chain 1 | . . 1 . . 1 1 . . . . Shots Hit Robots 389 | 4 3 20 1 . 28 127 87 102 . 17 Core Hits 170 | 3 2 12 1 . 17 47 33 49 . 6 Critical Kills 1 | . . . . . . 1 . . . . Critical Parts Destroyed 1 | . . . . . . . 1 . . . Critical Strikes 15 | . . . . . . 1 4 9 . 1 Destroy 2 | . . . . . . 1 1 . . . Blast 12 | . . . . . . . 2 9 . 1 Sever 1 | . . . . . . . 1 . . . Melee Attacks 83 | . . . . . . 28 26 12 . 17 Impact . | . . . . . . . . . . . Slashing 83 | . . . . . . 28 26 12 . 17 Piercing . | . . . . . . . . . . . Sneak Attacks 12 | . . . . . . 3 6 1 . 2 Combat Hostiles 1 | . . . . . . . . 1 . . Follow-up Attacks 1 | . . . . . . . 1 . . . Damage Inflicted 10147 | 35 100 360 16 . 549 2486 2330 3592 . 679 Guns 4111 | 35 63 360 16 . 425 1988 982 154 . 88 Cannons 3259 | . . . . . . . 660 2171 . 428 Explosions 999 | . 37 . . . 124 . . 838 . . Melee 1725 | . . . . . . 480 682 400 . 163 Ramming 53 | . . . . . . 18 6 29 . . Kinetic 7208 | 24 . 360 16 . 425 1988 1642 2325 . 428 Thermal 48 | 11 37 . . . . . . . . . Explosive 962 | . . . . . 124 . . 838 . . Electromagnetic 151 | . 63 . . . . . . . . 88 Impact . | . . . . . . . . . . . Slashing 1725 | . . . . . . 480 682 400 . 163 Piercing . | . . . . . . . . . . . Highest Corruption 2 | . . . . . . . 2 2 2 . Average Corruption 1 | . . . . . . . 1 2 2 . Corruption Purged . | . . . . . . . . . . . Corruption Blocked . | . . . . . . . . . . . Effects 36 | . . . . . . . 12 16 8 . Message Errors 8 | . . . . . . . 1 4 3 . Matter Fused 5 | . . . . . . . 1 2 2 . Heat Flow Errors 7 | . . . . . . . 6 1 . . Energy Discharges 4 | . . . . . . . 1 1 2 . Parts Rejected 1 | . . . . . . . 1 . . . Data Loss (minor) 5 | . . . . . . . 1 4 . . Data Loss (major) 3 | . . . . . . . 1 1 1 . Misfires 1 | . . . . . . . . 1 . . Alerts 1 | . . . . . . . . 1 . . Weapon Failures 1 | . . . . . . . . 1 . . Overload Shots . | . . . . . . . . . . . Overflow Damage 238 | . . . . . . 72 80 54 . 32 Projectiles 3 | . . . . . . . . 3 . . Explosions 51 | . . . . . . . . 51 . . Melee 184 | . . . . . . 72 80 . . 32 Knockbacks 18 | . . . . . . . 4 14 . . Impact . | . . . . . . . . . . . Kinetic 18 | . . . . . . . 4 14 . . Secondary . | . . . . . . . . . . . Self-Inflicted Damage 184 | . . . . . . . . 184 . . Shots 3 | . . . . . . . . 3 . . Rammed 3 | . . . . . . . . 3 . . Targets Rammed 11 | . . . . . . 5 2 4 . . Kicked 7 | . . . . . . 5 2 . . . Crushed 1 | . . . . . . . . 1 . . Highest Temperature 844 | 40 18 108 16 . 215 308 254 78 . 844 Average Temperature 129 | 17 12 38 12 . 82 114 104 13 . 432 Received Heat Transfer 1794 | . . 111 . . 81 495 309 672 . 126 Effects 33 | . . . . . . 4 . . . 29 Shutdowns 5 | . . . . . . . . . . 5 Energy Bleed 6 | . . . . . . 2 . . . 4 Interference 4 | . . . . . . 2 . . . 2 Matter Decay 2 | . . . . . . . . . . 2 Short Circuit 4 | . . . . . . . . . . 4 Damage (minor) 1 | . . . . . . . . . . 1 Damage (major) 4 | . . . . . . . . . . 4 Damage (core) 7 | . . . . . . . . . . 7 Siege Activations . | . . . . . . . . . . . Robots Corrupted . | . . . . . . . . . . . Combat Hostiles . | . . . . . . . . . . . Parts Fried . | . . . . . . . . . . . Impact Corruptions . | . . . . . . . . . . . Robots Melted . | . . . . . . . . . . . Combat Hostiles . | . . . . . . . . . . . Parts Melted . | . . . . . . . . . . . Heat Transferred 75 | 25 50 . . . . . . . . . Parts Sabotaged . | . . . . . . . . . . . Parts Stolen . | . . . . . . . . . . . Parts Stripped . | . . . . . . . . . . . Power Chain Reactions 1 | . 1 . . . . . . . . . Missiles Intercepted . | . . . . . . . . . . . Alert | -11 -10 -9 -9 -9 -8 -8 -7 -7 -7 -5 ------- Run | Jun Mat Mat Min Exi Min Mat Fac Sto Rec Fac Peak Influence 717 | 10 69 161 133 . 192 365 235 717 314 191 Initial 279 | . 6 . 62 . . 35 147 106 279 47 Average 100 | 8 30 31 112 . 29 102 72 197 282 107 Maximum Alert Level 3 | . . . . . . 1 1 3 1 . Low Security (%) 87 | 100 100 100 100 . 100 86 96 67 7 100 Level 1 10 | . . . . . . 13 3 17 92 . Level 2 1 | . . . . . . . . 9 . . Level 3 . | . . . . . . . . 5 . . Level 4 . | . . . . . . . . . . . Level 5 . | . . . . . . . . . . . High Security . | . . . . . . . . . . . Max Security . | . . . . . . . . . . . Squads Dispatched 21 | . 1 1 . . . 1 7 7 . 4 Investigation 6 | . 1 1 . . . 1 . 2 . 1 Extermination 5 | . . . . . . . 4 1 . . Reinforcement 6 | . . . . . . . 3 3 . . Assault . | . . . . . . . . . . . Garrison 4 | . . . . . . . . 1 . 3 Intercept . | . . . . . . . . . . . Searches Triggered . | . . . . . . . . . . . Construction Impeded 1 | . . . . . . . . 1 . . Haulers Reinforced 1 | . . . . . . . . 1 . . Active Scanning Responses . | . . . . . . . . . . . Cargo Convoy Interrupts . | . . . . . . . . . . . Stealth | -11 -10 -9 -9 -9 -8 -8 -7 -7 -7 -5 --------- Run | Jun Mat Mat Min Exi Min Mat Fac Sto Rec Fac Distress Signals 6 | . . . . . . 2 2 1 . 1 Communications Jammed . | . . . . . . . . . . . Distress Signals . | . . . . . . . . . . . Times Spotted 126 | . 2 12 2 . 11 37 19 31 . 12 Peak Tracking Total 9 | . 1 4 2 . 4 9 4 8 . 4 Tactical Retreats 6 | . . 2 . . . 3 1 . . . Traps | -11 -10 -9 -9 -9 -8 -8 -7 -7 -7 -5 ------- Run | Jun Mat Mat Min Exi Min Mat Fac Sto Rec Fac Traps Triggered 2 | . . . . . . 1 . 1 . . Indirectly . | . . . . . . . . . . . Trap Hack Attempts . | . . . . . . . . . . . Triggered . | . . . . . . . . . . . Disarmed . | . . . . . . . . . . . Reprogrammed . | . . . . . . . . . . . Reused . | . . . . . . . . . . . Traps Extracted . | . . . . . . . . . . . Installed . | . . . . . . . . . . . Triggered . | . . . . . . . . . . . Machines | -11 -10 -9 -9 -9 -8 -8 -7 -7 -7 -5 ---------- Run | Jun Mat Mat Min Exi Min Mat Fac Sto Rec Fac Machines Disabled 8 | . . . 1 . . . . 6 . 1 Max in Single Turn 1 | . . . 1 . . . . 1 . 1 Garrison Access 1 | . . . . . . . . . . 1 Machines Repaired . | . . . . . . . . . . . Machines Sabotaged . | . . . . . . . . . . . Overloaded Fab Kills . | . . . . . . . . . . . Hacking | -11 -10 -9 -9 -9 -8 -8 -7 -7 -7 -5 --------- Run | Jun Mat Mat Min Exi Min Mat Fac Sto Rec Fac Machines Accessed 26 | . 2 1 . 1 . 6 3 8 3 2 Terminals 21 | . 2 1 . . . 6 2 8 2 . Fabricators . | . . . . . . . . . . . Repair Stations . | . . . . . . . . . . . Recycling Units 2 | . . . . . . . 1 . 1 . Scanalyzers . | . . . . . . . . . . . Garrison Access 2 | . . . . . . . . . . 2 Total Hacks 75 | . 12 3 . 1 . 17 7 24 7 4 Successful 38 | . 6 1 . 1 . 8 4 11 6 1 Failed 37 | . 6 2 . . . 9 3 13 1 3 Catastrophic 3 | . . . . . . 2 . 1 . . Database Lockouts . | . . . . . . . . . . . Manual 53 | . 12 3 . 1 . 16 5 13 3 . Terminals 67 | . 12 3 . . . 17 5 24 6 . Fabricators . | . . . . . . . . . . . Repair Stations . | . . . . . . . . . . . Recycling Units 3 | . . . . . . . 2 . 1 . Scanalyzers . | . . . . . . . . . . . Garrison Access 4 | . . . . . . . . . . 4 Terminal Hacks 15 | . 2 . . 1 . 2 . 7 3 . Open Door 4 | . . . . . . . . 4 . . Terminal Index 4 | . 1 . . . . 1 . 1 1 . Zone Layout 6 | . 1 . . . . 1 . 2 2 . EX-Prototype ID Bank 1 | . . . . 1 . . . . . . Fabricator Hacks . | . . . . . . . . . . . Repair Station Hacks . | . . . . . . . . . . . Recycling Unit Hacks 2 | . . . . . . . 1 . 1 . Retrieve Components 2 | . . . . . . . 1 . 1 . Scanalyzer . | . . . . . . . . . . . Garrison Access Hacks 1 | . . . . . . . . . . 1 Seal Access 1 | . . . . . . . . . . 1 Unauthorized Hacks 20 | . 4 1 . . . 6 3 4 2 . Terminals 20 | . 4 1 . . . 6 3 4 2 . Track 9 | . 2 1 . . . 3 . 2 1 . Assimilate 2 | . . . . . . . 2 . . . Botnet 9 | . 2 . . . . 3 1 2 1 . Fabricators . | . . . . . . . . . . . Repair Stations . | . . . . . . . . . . . Recycling Units . | . . . . . . . . . . . Scanalyzers . | . . . . . . . . . . . Garrison Access . | . . . . . . . . . . . Data Cores Recovered 1 | . . . . . . . . 1 . . Used . | . . . . . . . . . . . Hacking Detections 20 | . 2 1 . . . 6 3 5 2 1 Full Trace Events 4 | . 1 1 . . . . . 1 . 1 Feedback Events . | . . . . . . . . . . . Feedback Blocked . | . . . . . . . . . . . Robot Schematics Acquired . | . . . . . . . . . . . Robots Built . | . . . . . . . . . . . Authchips . | . . . . . . . . . . . Time . | . . . . . . . . . . . Total Robot Build Rating . | . . . . . . . . . . . Part Schematics Acquired . | . . . . . . . . . . . Parts Built . | . . . . . . . . . . . Authchips . | . . . . . . . . . . . Time . | . . . . . . . . . . . Total Part Build Rating . | . . . . . . . . . . . Parts Repaired . | . . . . . . . . . . . Time . | . . . . . . . . . . . Parts Recycled . | . . . . . . . . . . . Recycled Matter . | . . . . . . . . . . . Retrieved Matter . | . . . . . . . . . . . Retrieved Components 2 | . . . . . . . . . 2 . Parts Scanalyzed . | . . . . . . . . . . . Part Schematics Acquired . | . . . . . . . . . . . Parts Damaged . | . . . . . . . . . . . Bothacking | -11 -10 -9 -9 -9 -8 -8 -7 -7 -7 -5 ------------ Run | Jun Mat Mat Min Exi Min Mat Fac Sto Rec Fac Used RIF Installer . | . . . . . . . . . . . Robots Hacked . | . . . . . . . . . . . Non-combat . | . . . . . . . . . . . Combat . | . . . . . . . . . . . Robot Hacks Applied . | . . . . . . . . . . . Relay Couplers Released . | . . . . . . . . . . . Fabnet Peak Effective % . | . . . . . . . . . . . Robots Rewired 1 | . . . . . . . . 1 . . Allies Hacked . | . . . . . . . . . . . Hacks Repelled . | . . . . . . . . . . . Allies | -11 -10 -9 -9 -9 -8 -8 -7 -7 -7 -5 -------- Run | Jun Mat Mat Min Exi Min Mat Fac Sto Rec Fac Total Allies 13 | . . . 2 . . . 1 10 . . Largest Group 10 | . . . 2 2 . . 1 10 7 7 Highest-Rated Group 173 | . . . 36 36 . . 26 173 111 111 Highest-Rated Ally 31 | . . . 31 31 . . 26 29 16 16 Total Orders 18 | . . . . . . . 1 17 . . ROAM 1 | . . . . . . . 1 . . . EXPLORE 17 | . . . . . . . . 17 . . Ally Attacks 113 | . . . 2 . . . . 63 . 48 Total Damage 1438 | . . . 40 . . . . 816 . 582 Kills 20 | . . . 1 . . . . 10 . 9 Allies Corrupted . | . . . . . . . . . . . Allies Melted . | . . . . . . . . . . . Intel | -11 -10 -9 -9 -9 -8 -8 -7 -7 -7 -5 ------- Run | Jun Mat Mat Min Exi Min Mat Fac Sto Rec Fac Robot Analysis Total . | . . . . . . . . . . . Derelict Logs Recovered 1 | . . . 1 . . . . . . . Drone Launches 19 | . . . . . . . . 19 . . Drone Recoveries 7 | . . . . . . . . 7 . . Exploration | -11 -10 -9 -9 -9 -8 -8 -7 -7 -7 -5 ------------- Run | Jun Mat Mat Min Exi Min Mat Fac Sto Rec Fac Turns Passed 11264 | 55 451 544 210 1024 1122 2911 2338 1299 433 877 Spaces Moved 4555 | 30 256 211 122 637 326 1128 830 523 174 318 Core . | . . . . . . . . . . . Treads 2564 | . 151 211 122 637 326 199 . 426 174 318 Legs 1991 | 30 105 . . . . 929 830 97 . . Wheels . | . . . . . . . . . . . Hover . | . . . . . . . . . . . Flight . | . . . . . . . . . . . Fastest Speed 120 | 120 120 160 160 160 160 130 130 156 160 173 Average Speed 183 | 120 143 160 160 160 160 190 199 173 239 230 Slowest Speed 385 | 120 160 160 160 160 160 340 200 385 241 347 Overloaded Moves . | . . . . . . . . . . . Propulsion Burnouts . | . . . . . . . . . . . Robots Hopped . | . . . . . . . . . . . Cave-ins Triggered . | . . . . . . . . . . . Time Travels 1 | . . . . . . 1 . . . . Exploration Rate (%) 42 | 4 35 19 30 89 59 75 22 85 41 11 Regions Visited 10 Branch Regions 5 Pre-discovered Areas . | . . . . . . . . . . . Known Exits Taken . | . . . . . . . . . . . Unknown Exits Taken 10 | 1 1 1 1 1 1 1 1 1 1 . Scrap Searched 3 | . . . 1 . 2 . . . . . Spaces Dug 40 | . 8 . . . . 12 11 . . 9 Terrain Destroyed 167 | . 10 . . . 12 12 11 111 . 11 Melee 32 | . . . . . . 12 11 . . 9 Projectile 35 | . . . . . . . . 33 . 2 AOE 100 | . 10 . . . 12 . . 78 . . Terrain Rammed . | . . . . . . . . . . . Walls Destroyed . | . . . . . . . . . . . Machines Disabled . | . . . . . . . . . . . Actions | -11 -10 -9 -9 -9 -8 -8 -7 -7 -7 -5 --------- Run | Jun Mat Mat Min Exi Min Mat Fac Sto Rec Fac Total 6941 | 38 333 400 136 643 894 1734 1401 761 194 407 Wait 1714 | . 48 140 12 . 532 414 453 96 10 9 Move 4545 | 29 255 210 121 636 325 1127 829 522 173 318 Hop . | . . . . . . . . . . . Pick Up 92 | 2 10 11 1 4 4 14 18 10 3 15 Fast Attach 24 | . . 1 . . . 7 3 9 . 4 Attach 27 | 1 . 2 . . . 4 3 7 3 7 Detach 4 | . . . . . . . 1 . . 3 Swap 70 | . 8 7 . 1 2 18 15 15 . 4 Drop 98 | . 8 12 1 2 2 20 14 20 5 14 Fire 276 | 6 4 17 1 . 29 97 41 65 . 16 Melee 79 | . . . . . . 28 22 12 . 17 Ram . | . . . . . . . . . . . Kick 7 | . . . . . . 5 2 . . . Crush 4 | . . . . . . . . 4 . . Escape Stasis . | . . . . . . . . . . . Rewire 1 | . . . . . . . . 1 . . Trap . | . . . . . . . . . . . Miscellaneous . | . . . . . . . . . . . Route ------- -11/Junkyard -10/Materials -9/Materials -9/Mines -9/Exiles -8/Mines -8/Materials (discovered 2 exits: *Fac x2) -7/Factory -7/Storage (discovered 2 exits: [*Fac] / *Rec) -7/Recycling -5/Factory History --------- Turn | Location | Event 18 | -11/Junkyard | Discovered new exit (range 3) 56 | -11/Junkyard | Entered Materials 301 | -10/Materials | Build established: Mutant 364 | -10/Materials | Discovered new exit (range 14) 507 | -10/Materials | Entered another Materials area 507 | -9/Materials | Evolved 2 slots: Propulsion x1, Utility x1 948 | -9/Materials | Discovered new exit (range 14) 1051 | -9/Materials | Entered Mines 1069 | -9/Mines | Learned Materials security intel 1244 | -9/Mines | Deemed a non-threat by the Exiles lab entrance 1246 | -9/Mines | Discovered new exit (range 5) 1261 | -9/Mines | Entered Exiles 1261 | -9/Exiles | Accompanied by 2 allies 1291 | -9/Exiles | Led the pair of lost Derelicts to a safe place 1298 | -9/Exiles | Met 8R-AWN 1324 | -9/Exiles | Met EX-HEX 1370 | -9/Exiles | Met EX-BIN 1391 | -9/Exiles | Aligned with FarCom system 1393 | -9/Exiles | Given EX-Vault access code 1433 | -9/Exiles | Opened EX-Vault 1451 | -9/Exiles | Found Chronowheel 1484 | -9/Exiles | Warned to stay clear of 0b10 Research branches 1537 | -9/Exiles | Met EX-DEC 1613 | -9/Exiles | Visited The Gauntlet 2272 | -9/Exiles | Discovered new exit (range 10) 2285 | -9/Exiles | Left Exiles lab with Chronowheel 2285 | -9/Exiles | Entered Mines 3397 | -8/Mines | Discovered new exit (range 7) 3407 | -8/Mines | Entered Materials 3407 | -8/Materials | Evolved 2 slots: Power x1, Utility x1 5349 | -8/Materials | Discovered new exit (range 12) 5775 | -8/Materials | Activated Chronowheel 5775 | -8/Materials | Spacetime reconverged on an earlier point 5891 | -8/Materials | Discovered new exit (range 7) 5971 | -8/Materials | Destroyed 7 combat bots 6318 | -8/Materials | Entered Factory 6318 | -7/Factory | Evolved 2 slots: Propulsion x1, Weapon x1 8615 | -7/Factory | Discovered new exit (range 15) 8656 | -7/Factory | Entered Storage 8979 | -7/Storage | Lost 3 parts (3n) 9051 | -7/Storage | Found Powered Armor 9678 | -7/Storage | Discovered new exit (range 5) 9686 | -7/Storage | Assisted by bots powering up and referring to "LRC-V3" 9866 | -7/Storage | Garrison activated, responded to threat 9943 | -7/Storage | Used back door to open Recycling access 9943 | -7/Storage | Discovered new exit (range 5) 9955 | -7/Storage | Entered Recycling 9955 | -7/Recycling | Accompanied by 7 allies 9955 | -7/Recycling | Found Scrap Engine 10162 | -7/Recycling | Build established: Commander-Mutant 10352 | -7/Recycling | Discovered new exit (range 15) 10388 | -7/Recycling | Entered Factory 10388 | -5/Factory | Accompanied by 7 allies 10388 | -5/Factory | Evolved 4 slots: Utility x4 11106 | -5/Factory | P-70 Sage assimilated allied Trooper 4d 11138 | -5/Factory | Build established: Mutant 11253 | -5/Factory | Core integrity fell below 50% 11265 | -5/Factory | Core integrity fell below 20% 11266 | -5/Factory | Core destroyed Last Messages --------------- 11243_ Hvy. Treads broken. 11243_ Overheating: Short circuit. 11249_ Imp. Transmission Jammer broken. 11249_ Overheating: Short circuit. 11251_ Power failure, Enh. Nuclear Core shutdown. 11251_ Overheating: Core damaged (-180). 11252_ Overheating: Matter decay (-17). 11253_ Overheating: Core damaged (-180). 11254_ Y-64 Sentinel emerges from the garrison. 11254_ Penetrated by Slug. 11258_ Overheating: Core damaged (-100). 11259_ Overheating: Energy bleed (-33). 11259_ Garrison Access under remote control. 11261_ Overheating: System interference. 11261_ Adv. Heat Sink temporarily disabled. 11261_ Penetrated by Slug. 11262_ Power failure, Enh. Nuclear Core shutdown. 11263_ Penetrated by Slug. 11265_ Overheating: Core damaged (-140). 11266_ Overheating: Core damaged (-180). Map ----- +----------------------------------------------------+ | ????????????????? "#??? | | ????????????????????????### # ##??? | | ??????????????????????????# # #???? | | ??????????????????????????# # #???? | | ??????????????????????????# ####"#########???? | | ??????????????????????????# ###############??? | | ??????????????????????????# # ! #??? | | ??????????????????????????# # !!! #??? | | ??????????????????????????# # """ !! !#??? | | ??????????????????????????# # """ !! #??? | | ??????????????????????????# # """ !#??? | | ??????????????????????????# # #??? | | ??????????????????????????# + """ """ """ #??? | | ??????????????????????????# # """ """ """ #??? | | ??????????????????????????# # """ """ """ #??? | | ??????????????????????????# # #??? | | ??????????????????????????# # ] #??? | | ?????????????????????????## ##########+#"##### | | ???????????? ###"##" #??????# # | | ???????????????"" + g ! #??????# # | | ???????????????"" g ####### ######## # | | ??????????????????????????# + # | | ????????????????g??????#### # ! # | | ???????????????????????#" %! """ """ # # | | ???????????????????????#"""%%""" """ #! # | | ???????????????????????#G@[Y%%"" """ # # | | ???????????????????????#"""= + # | | ???????????????????????#" %""" """ # ! # | | ???????????????????????#### %""" """ # # | | ??????????????????????????# %""" """ # # | | ??????????????????????????#% % # # | | ??????????????????????????# %""" """ + # | | ??????????????????????????# %""" """ # # | | ??????????????????????????# """ """ # # | | ??????????????????????????# ##+######## | | ??????????????????????????# """ """ #??????? | | ??????????????????????????# """ """ #??????? | | ??????????????????????????# """ """ #??????? | | ??????????????????????????# [= #??????? | | ??????????????????????????# """ """ #####??? | | ??????????????????????????# """ """ #??? | | ??????????????????????????# """ """ #??? | | ??????????????????????##### % %* #??? | | ??????????????????????# """ ! #??? | | ????????????????????### ! """ #??? | | ????????????????????+ """ #??? | | ?????????????????????## #??? | | ??????????????????????# """ #??? | | ??????????????????????# """ #??? | | ??????????????????????# """ ^ ^ #??? | +----------------------------------------------------+ Best States ------------- Heat Dissipation 67 Energy Generation 30 Energy Capacity 510 Matter Stores 300 Matter Capacity 300 Sight Range 16 Terrain Scan Density 10 Jamming Range 14 Armor Coverage 1225 Evasion (%) 55 Targeting Accuracy 8 Recoil Reduction 4 Authchip Count 3 Item Schematics ----------------- None Robot Schematics ------------------ None Fabricated ------------ Nothing Alien Tech Used ----------------- None Achievements -------------- None Challenges ------------ None Game ------ Seed VariableMetafieldNullifier Manual? 0 Play Time 01:48:53 Cumulative 77.5 hours Start 2023.12.23 @ 08:28:38 End 2023.12.23 @ 10:20:07 Sessions 1 Manual Loads 0 Difficulty Rogue Special Mode None Game No. 74 Rogue 74 Adventurer 0 Explorer 0 Win Type - Total 0 Types 0/0/0/0/0/0/0/0/0 Lore% 32 Gallery% 42 Achievement% 33 Wizard Run 0 Options --------- ASCII 0 Keyboard 0 Movement Numpad Keybinds 0 Fullscreen 1 Font 24/Proggy Map View 113x50 Tactical HUD 1 Map Filters NONE Filters NONE Steam 1 RUN: ce855215-bc6e-42b3-ad9a-957e3653f856